 Dungeon Crawl Stone Soup version 0.21.0-25-ge575cb9ce8 (webtiles) character file.

47928 Adamkad1 the Basher (level 14, -8/133 HPs)
             Began as a Deep Dwarf Berserker on Jan 20, 2018.
             Was an Elder of Trog.
             Mangled by a harpy (13 damage)
             ... on level 6 of the Lair of Beasts on Jan 23, 2018.
             The game lasted 01:43:42 (17245 turns).

Adamkad1 the Basher (Deep Dwarf Berserker)         Turns: 17245, Time: 01:43:43

Health: -8/133     AC: 15    Str: 29    XL:     14   Next: 10%
Magic:  11/11      EV: 12    Int: 11    God:    Trog [****..]
Gold:   1246       SH: 12    Dex: 12    Spells: 13/13 levels left

rFire    x . .     SeeInvis .   O - +8 flail (protect)
rCold    . . .     Gourm    +   f - +2 shield {rPois}
rNeg     + + .     Faith    .   k - +0 ring mail of Jarghoe {Str+4 Stlth+}
rPois    +         Spirit   .   b - +0 helmet
rElec    .         Reflect  .   D - +1 cloak {+Inv}
rCorr    +         Harm     .   (no gloves)
MR       +++..     Rnd*Rage +   P - +2 pair of boots
Stlth    ++........             m - amulet of the gourmand
HPRegen  0.00/turn              U - ring "Qebrip" {rF- rN+ MR+ Int+2}
MPRegen  0.12/turn              A - ring of resist corrosion

@: mesmerised, non-regenerating, very slow
A: damage resistance, heal wounds, berserk 1, mutation resistance 1, negative
energy resistance 1, sense surroundings 2, no regeneration
a: Heal Wounds, Berserk, Trog's Hand, Brothers in Arms, Burn Spellbooks,
Renounce Religion, Evoke Invisibility


You were on level 6 of the Lair of Beasts.
You worshipped Trog.
Trog was greatly pleased with you.
You were completely stuffed.

You visited 3 branches of the dungeon, and saw 19 of its levels.
You also visited: Ossuary.

You collected 1246 gold pieces.

Inventory:

Hand Weapons
 O - a +8 flail of protection (weapon)
Missiles
 l - 5 poisoned javelins (quivered)
 p - 538 stones
 s - 9 silver javelins
 w - 2 steel javelins
 K - 12 exploding tomahawks
 N - a tomahawk of returning
Armour
 b - a +0 helmet (worn)
 f - a +2 shield of poison resistance (worn)
 k - the +0 ring mail of Jarghoe (worn) {Str+4 Stlth+}
   (You found it on level 12 of the Dungeon)

   It affects your strength (+4).
   It makes you more stealthy.
 D - a +1 cloak of invisibility (worn)
 P - a +2 pair of boots (worn)
Jewellery
 h - an uncursed ring of flight
 m - an amulet of the gourmand (around neck)
 x - a +4 ring of strength
 A - a ring of resist corrosion (right hand)
 U - the ring "Qebrip" (left hand) {rF- rN+ MR+ Int+2}
   (You found it on level 6 of the Dungeon)

   [ring of protection from magic]

   It affects your intelligence (+2).
   It makes you vulnerable to fire.
   It protects you from negative energy.
   It affects your resistance to hostile enchantments.
Wands
 g - a wand of scattershot (6)
 o - a wand of disintegration (29)
 r - a wand of enslavement (35)
 y - a wand of acid (8)
 L - a wand of polymorph (63)
 S - a wand of digging (14)
 X - a wand of iceblast (15)
Scrolls
 d - 11 scrolls of teleportation
 e - 2 scrolls of blinking
 j - 7 scrolls of immolation
 C - 11 scrolls of remove curse
 E - a scroll of fear
 Q - a scroll of magic mapping
 T - a scroll of holy word
 Z - 3 scrolls of identify
Potions
 a - 2 potions of haste
 i - 3 potions of brilliance
 n - a potion of ambrosia
 u - 2 potions of cancellation
 B - 9 potions of curing
 F - 2 potions of invisibility
 G - 6 potions of might
 H - 6 potions of heal wounds
 I - 4 potions of agility
 R - 8 potions of flight
Books
 t - a book of the Sky

   Spells                             Type                      Level
   a - Summon Lightning Spire         Summoning/Air                4
   b - Silence                        Hexes/Air                    5
   c - Deflect Missiles               Charms/Air                   6
   d - Conjure Ball Lightning         Conjuration/Air              6
   e - Tornado                        Air                          9
   Trog disapproves of the use of such an item.
 V - a book of Power

   Spells                             Type                      Level
   a - Iskenderun's Battlesphere      Conjuration/Charms           5
   b - Venom Bolt                     Conjuration/Poison           5
   c - Bolt of Magma                  Conjuration/Fire/Earth       5
   d - Iron Shot                      Conjuration/Earth            6
   e - Orb of Destruction             Conjuration                  7
   f - Spellforged Servitor           Conjuration/Summoning        7
   Trog disapproves of the use of such an item.
Miscellaneous
 M - a fan of gales
 W - a fan of gales
Comestibles
 c - 28 rations
 q - 25 chunks of flesh


   Skills:
 * Level 10.5 Fighting
 * Level 14.7 Maces & Flails
 * Level 7.9 Throwing
 * Level 11.5 Armour
 + Level 5.8 Dodging
 + Level 4.0 Stealth
 + Level 3.8 Shields
 * Level 8.9 Evocations


You had 13 spell levels left.
You didn't know any spells.

Dungeon Overview and Level Annotations

Branches:
Dungeon (12/15)            Temple (1/1) D:6            Lair (6/6) D:8
 Shoals (0/4) Lair:4       Spider (0/4) Lair:2        Slime (0/5) Lair:5
    Orc (0/2) D:11

Altars:
Ashenzari
Cheibriados
Dithmenos
Elyvilon
Fedhas
Gozag
Hepliaklqana
Kikubaaqudgha
Makhleb
Nemelex Xobeh
Okawaru
Qazlal
Ru
Sif Muna
Trog
Uskayaw
Vehumet
Wu Jian
Xom
Yredelemnul
Zin
The Shining One
Lugonu

Shops:
D:6 ?


Innate Abilities, Weirdness & Mutations

You are resistant to damage.
You can heal yourself by infusing magical energy.
You resist negative energy. (rN+)
You passively map the area around you.
You do not regenerate.
You tend to lose your temper in combat.
You are somewhat resistant to further mutation.


Message History

Your unstable footing causes you to fumble your attack.
The harpy claws you!
* * * LOW HITPOINT WARNING * * *
The harpy barely misses you. You block the water moccasin's attack.
The wind drake bites you!
* * * LOW HITPOINT WARNING * * *
The wyvern bites you but does no damage.
The harpy closely misses you. The harpy claws you.
* * * LOW HITPOINT WARNING * * *
The manticore bites you!!
* * * LOW HITPOINT WARNING * * *
The manticore claws you but does no damage.
You block the manticore's attack. The water moccasin barely misses you.
You miss the merfolk avatar.
The merfolk avatar is moderately wounded.
The harpy barely misses you. x2; The wyvern closely misses you.
The wind drake bites you but does no damage.
The merfolk avatar chants its luring song.
The harpy claws you!
You die...

* * ,, *≈
#≈≈≈≈#≈≈#≈≈≈≈#≈≈.#≈ * , ,
P≈≈ #≈≈≈≈≈#≈≈≈≈≈P#≈≈≈≈≈ ,
, ,
P≈≈#####....#####≈≈≈≈. ,
,. #≈≈#8≈≈P≈≈≈≈≈≈P8#≈P##.
,
.≈##≈≈#≈≈≈≈P≈#≈≈≈≈≈#≈≈#..
,
.P≈≈≈≈#≈≈≈≈≈≈≈≈≈≈≈≈#P≈≈≈.
.≈≈≈≈.≈≈#≈)[$%≈≈≈≈#≈≈≈P.
* #≈≈.S≈#≈/≈≈[≈≈≈≈#≈≈##≈
, * #.H@m≈[≈≈|≈≈≈≈#≈≈ #.
, ≈≈≈≈P#Hkl≈?($?≈≈≈≈#≈
≈≈≈ * ≈≈≈
#≈≈≈≈≈≈≈≈≈≈≈≈#≈P≈≈. * .*
#≈≈P≈≈≈≈≈≈≈≈≈#≈≈.#≈ * **
* #8≈≈≈≈≈≈≈≈≈≈P#≈≈#.≈ * ,
#####≈≈≈≈#####≈ ≈≈. ≈ ≈≈*
≈≈≈≈≈≈≈≈≈ ≈ ≈≈ *
≈≈.8≈≈≈≈≈ ** ≈
≈P≈≈≈≈≈≈≈PP


You could see a merfolk avatar, a wind drake, a manticore, a harpy, a water
moccasin and a wyvern.

Vanquished Creatures
  2 entropy weavers (Lair:4)
  Erolcha (D:12)
  2 hydras (Lair:2)
  Erica (D:10)
  5 two-headed ogres
  A queen ant (Lair:4)
  6 death yaks
  3 skeletal warriors (D:12)
  2 unseen horrors (D:10)
  A sea snake (Lair:6)
  A wolf spider (Lair:2)
  2 manticores (Lair:6)
  2 ugly things (D:11)
  2 cyclopes
  2 elephants (Lair:6)
  A torpor snail (Lair:2)
  A black mamba (Lair:4)
  9 spiny frogs
  5 komodo dragons
  4 rime drakes
  3 polar bears
  A queen bee (D:11)
  2 trolls
  A jumping spider (Lair:2)
  A hornet (Lair:6)
  Grinder (D:4)
  3 dream sheep (Lair:2)
  8 hippogriffs
  3 wyverns
  A wraith (D:9)
  Eustachio (D:4)
  A redback (Lair:2)
  34 yaks
  2 basilisks (Lair:1)
  2 hungry ghosts (D:10)
  16 soldier ants (Lair:4)
  An acid dragon (D:8)
  Duvessa (D:5)
  7 water moccasins
  7 porcupines
  5 orc warriors
  An ice beast (D:10)
  2 necrophages
  7 sky beasts
  15 wolves
  A phantom (D:10)
  10 ogres
  10 centaurs
  11 crocodiles
  4 elf zombies (Ossuary)
  2 big kobolds
  17 bullfrogs
  Dowan (D:5)
  2 scorpions
  16 killer bees (D:11)
  4 howler monkeys
  7 wights
  The ghost of uvhash the Chiller, a weakling DsIE (D:3)
  3 crimson imps
  7 human zombies (Ossuary)
  2 centaur zombies
  2 centaur skeletons
  8 hounds
  4 orc priests
  A bullfrog skeleton (D:12)
  A gnoll shaman (D:5)
  4 iguanas
  19 orc wizards
  5 hell rats
  19 worker ants
  A hound zombie (D:10)
  3 mummies (Ossuary)
  A worker ant zombie (D:5)
  14 adders
  9 gnolls
  2 shadow imps
  An adder zombie (D:5)
  2 adder skeletons
  3 worms (D:2)
  2 dart slugs
  3 leopard geckos
  75 orcs
  8 bats
  3 giant cockroaches
  8 goblins
  5 hobgoblins
  6 jackals
  5 quokkas
  2 ball pythons
  A frilled lizard (D:1)
  A goblin zombie (D:4)
  17 kobolds
  A leopard gecko skeleton (D:7)
  2 quokka zombies
  12 rats
527 creatures vanquished.

Vanquished Creatures (others)
  An orc wizard (D:7)
  5 fungi
  5 plants
11 creatures vanquished.

Grand Total: 538 creatures vanquished

Notes
Turn   | Place    | Note
-------+----------+-------------------------------------------
     0 | D:1      | Adamkad1 the Deep Dwarf Berserker began the quest for the Orb.
     0 | D:1      | Reached XP level 1. HP: 20/20 MP: 1/1
   166 | D:1      | Reached XP level 2. HP: 28/28 MP: 2/2
   631 | D:1      | Reached ** piety under Trog
   682 | D:1      | Reached XP level 3. HP: 34/34 MP: 3/3
  1000 | D:2      | Found an iron altar of Okawaru.
  1000 | D:2      | Found a bloodstained altar of Trog.
  1307 | D:2      | Found a sparkling altar of Nemelex Xobeh.
  1307 | D:2      | Found an opulent altar of Gozag.
  1563 | D:2      | Reached XP level 4. HP: 35/42 MP: 4/4
  1718 | D:3      | Noticed uvhash's ghost (weakling DsIE)
  1736 | D:3      | Killed uvhash's ghost
  1736 | D:3      | Reached skill level 4 in Maces & Flails
  2260 | D:4      | Noticed an ogre
  2292 | D:4      | Found a sand-covered staircase.
  2307 | Ossuary  | Entered an ossuary
  2345 | Ossuary  | Reached XP level 5. HP: 45/49 MP: 5/5
  2380 | Ossuary  | Reached XP level 6. HP: 31/56 MP: 6/6
  2397 | Ossuary  | Reached skill level 1 in Throwing
  2428 | Ossuary  | Reached skill level 5 in Maces & Flails
  2496 | Ossuary  | Reached XP level 7. HP: 31/63 MP: 7/7
  2544 | Ossuary  | Reached skill level 5 in Armour
  2573 | Ossuary  | Reached skill level 6 in Maces & Flails
  2844 | D:4      | Noticed Grinder
  2864 | D:4      | Killed Grinder
  2864 | D:4      | Reached XP level 8. HP: 73/73 MP: 8/8
  2927 | D:4      | Reached skill level 7 in Maces & Flails
  3090 | D:4      | Noticed Eustachio
  3100 | D:4      | Reached *** piety under Trog
  3220 | D:4      | Killed Eustachio
  3271 | D:4      | Found a shimmering altar of Xom.
  3272 | D:4      | Found a burning altar of Makhleb.
  3327 | D:4      | Reached skill level 8 in Maces & Flails
  3846 | D:5      | Entered Level 5 of the Dungeon
  3887 | D:5      | Reached skill level 5 in Fighting
  3947 | D:5      | Noticed Dowan
  3949 | D:5      | Noticed Duvessa
  3972 | D:5      | Killed Duvessa
  3981 | D:5      | Killed Dowan
  4050 | D:5      | Gained mutation: You passively map the area around you. [Deep Dwarf growth]
  4050 | D:5      | Reached XP level 9. HP: 54/81 MP: 9/9
  4597 | D:5      | Reached skill level 9 in Maces & Flails
  4801 | D:6      | Found Zyow's Magic Scroll Boutique.
  4889 | D:6      | Found a staircase to the Ecumenical Temple.
  4900 | D:6      | Found a blossoming altar of Fedhas.
  4903 | Temple   | Entered the Ecumenical Temple
  5173 | D:6      | Got an ancient turquoise ring
  5654 | D:7      | Reached skill level 1 in Evocations
  6058 | D:7      | Found a sacrificial altar of Ru.
  6560 | D:8      | Reached skill level 10 in Maces & Flails
  6581 | D:8      | Noticed a death yak
  6604 | D:8      | Killed a death yak
  6604 | D:8      | Reached XP level 10. HP: 90/91 MP: 11/11
  6705 | D:8      | Noticed a death yak
  6709 | D:8      | Noticed a death yak
  6725 | D:8      | Killed a death yak
  6725 | D:8      | Reached skill level 1 in Stealth
  6731 | D:8      | Killed a death yak
  6771 | D:8      | Found a staircase to the Lair.
  6845 | D:8      | Found a shattered altar of Ashenzari.
  6985 | D:8      | Received a gift from Trog
  6985 | D:8      | Reached skill level 11 in Maces & Flails
  7201 | D:8      | Identified the ring "Qebrip" {rF- rN+ MR+ Int+2} (You found it on level 6 of the Dungeon)
  7283 | D:8      | Found a shadowy altar of Dithmenos.
  7746 | D:9      | Found a hazy altar of Hepliaklqana.
  7948 | D:9      | Noticed a two-headed ogre
  7957 | D:9      | Killed a two-headed ogre
  8355 | D:9      | Found a hide-covered altar of Uskayaw.
  8357 | D:9      | Found a radiant altar of Vehumet.
  8366 | D:9      | Found an ancient bone altar of Kikubaaqudgha.
  8566 | D:10     | Entered Level 10 of the Dungeon
  8594 | D:10     | Noticed Erica
  8601 | D:10     | Killed Erica
  8601 | D:10     | Reached XP level 11. HP: 98/98 MP: 13/13
  8724 | D:10     | Reached skill level 5 in Throwing
  8725 | D:10     | Received a gift from Trog
  8780 | D:10     | Killed an unseen horror
  9012 | D:10     | Reached **** piety under Trog
  9143 | D:10     | Reached skill level 12 in Maces & Flails
  9372 | D:10     | Killed an unseen horror
  9900 | D:11     | Noticed a two-headed ogre
  9922 | D:10     | Killed a two-headed ogre
  9922 | D:10     | Reached skill level 5 in Evocations
 10197 | D:11     | Upgraded the game from 0.21.0-24-g2553a3340b to 0.21.0-25-ge575cb9ce8
 10230 | D:11     | Found a staircase to the Orcish Mines.
 10295 | D:11     | Received a gift from Trog
 10468 | D:11     | Noticed a two-headed ogre
 10481 | D:11     | Killed a two-headed ogre
 10586 | D:11     | Reached XP level 12. HP: 32/110 MP: 14/14
 10722 | D:11     | Reached skill level 10 in Armour
 11081 | D:11     | Noticed a two-headed ogre
 11102 | D:11     | Killed a two-headed ogre
 11102 | D:11     | Reached skill level 13 in Maces & Flails
 11341 | D:12     | Got a bloodstained ring mail
 11342 | D:12     | Identified a scroll of acquirement
 11359 | D:12     | Identified the +0 ring mail of Jarghoe {Str+4 Stlth+} (You found it on level 12 of the Dungeon)
 11575 | D:12     | Gained mutation: You tend to lose your temper in combat. [potion of mutation]
 11575 | D:12     | Gained mutation: You are somewhat resistant to further mutation. [potion of mutation]
 11612 | D:12     | HP: 2/112 [skeletal warrior/mace (9)]
 11734 | D:12     | Noticed Erolcha
 11752 | D:12     | Killed Erolcha
 12038 | D:12     | Noticed a two-headed ogre
 12058 | D:12     | Killed a two-headed ogre
 12236 | Lair:1   | Entered Level 1 of the Lair of Beasts
 12540 | Lair:1   | Received a gift from Trog
 13489 | Lair:2   | Reached XP level 13. HP: 81/121 MP: 14/14
 13889 | Lair:2   | Found a hole to the Spider Nest.
 13903 | Lair:2   | Reached skill level 14 in Maces & Flails
 14264 | Lair:3   | Received a gift from Trog
 14487 | Lair:3   | HP: 6/123 [porcupine (7)]
 14489 | Lair:3   | HP: 2/123 [porcupine (4)]
 14572 | Lair:3   | Received a gift from Trog
 14572 | Lair:3   | Reached skill level 1 in Shields
 14995 | Lair:3   | Reached skill level 10 in Fighting
 15251 | Lair:4   | Reached skill level 5 in Dodging
 15335 | Lair:4   | Received a gift from Trog
 15603 | Lair:4   | Found a staircase to the Shoals.
 16015 | Lair:4   | Noticed an entropy weaver
 16015 | Lair:4   | Noticed an entropy weaver
 16038 | Lair:4   | Killed an entropy weaver
 16056 | Lair:4   | Killed an entropy weaver
 16448 | Lair:5   | Found a staircase to the Slime Pits.
 16571 | Lair:5   | Received a gift from Trog
 17011 | Lair:6   | Entered Level 6 of the Lair of Beasts
 17102 | Lair:6   | Gained mutation: You resist negative energy. (rN+) [Deep Dwarf growth]
 17102 | Lair:6   | Reached XP level 14. HP: 70/133 MP: 12/12
 17228 | Lair:6   | HP: 5/133 [harpy (8)]
 17244 | Lair:6   | HP: 5/133 [manticore (18)]
 17245 | Lair:6   | Mangled by a harpy

Skill      XL: |  1  2  3  4  5  6  7  8  9 10 11 12 13 |
---------------+----------------------------------------+-----
Fighting       | 3 4 5 6 8 9 10 | 10.5
Armour         | 3 4 5 6 7 8 9 10 11 | 11.5
Maces & Flails | 4 5 6 8 10 11 12 13 14 | 14.7
Throwing       | 1 2 3 4 6 7 |  7.9
Dodging        | 3 4 5 |  5.8
Evocations     | 2 3 6 7 8 |  8.9
Stealth        | 2 3 4 |  4.0
Shields        | 3 |  3.8

Action                   |  1- 3 |  4- 6 |  7- 9 | 10-12 | 13-15 || total
-------------------------+-------+-------+-------+-------+-------++-------
Melee: Mace              |   131 |   120 |   232 |   477 |       ||   960
       Whip              |    16 |    64 |       |     7 |       ||    87
       Flail             |       |       |   239 |   554 |   535 ||  1328
       Unarmed           |       |       |     2 |       |       ||     2
 Fire: Hunting sling     |     6 |       |       |       |       ||     6
Throw: Javelin           |     1 |     3 |     1 |    12 |    18 ||    35
       Tomahawk          |       |       |       |    32 |       ||    32
       Stone             |       |       |       |    25 |       ||    25
Invok: Trog's Hand       |     1 |     4 |    14 |    36 |     2 ||    57
       Berserk           |       |       |     7 |    10 |     5 ||    22
       Burn Spellbooks   |       |       |       |     1 |     1 ||     2
 Abil: Heal Wounds       |       |       |       |    11 |    21 ||    32
  Use: Scroll            |     7 |     4 |    11 |    16 |     6 ||    44
       Potion            |     4 |       |     5 |     3 |       ||    12
 Stab: Sleeping          |       |       |       |     6 |     6 ||    12
  Eat: Chunk             |     3 |     2 |    15 |    45 |    34 ||    99
       Ration            |       |     1 |     3 |     1 |       ||     5
Armor: Chain mail        |    60 |       |   270 |    27 |       ||   357
       Ring mail         |    24 |    40 |       |    47 |   290 ||   401
       Plate armour      |       |       |       |   400 |       ||   400
       Acid dragon scale |       |       |       |    80 |       ||    80
Dodge: Dodged            |    97 |    72 |   246 |   478 |   233 ||  1126
Block: Shield            |       |       |       |     2 |   359 ||   361
